 Dungeon Crawl Stone Soup version 0.22-a0-587-g7d32d7c (webtiles) character file.

127533 Amnesiac the Deadly Accurate (level 17, -4/196 HPs)
             Began as an Ogre Fighter on July 4, 2018.
             Was the Champion of Okawaru.
             Slain by a juggernaut (48 damage)
             ... on level 2 of the Depths.
             The game lasted 01:01:56 (27974 turns).

Amnesiac the Deadly Accurate (Ogre Fighter)        Turns: 27974, Time: 01:01:56

Health: -4/196     AC: 21    Str: 41    XL:     17   Next: 1%
Magic:  20/23      EV:  8    Int:  6    God:    Okawaru [******]
Gold:   1167       SH: 22    Dex: 11    Spells: 16/16 levels left

rFire    + + .     SeeInvis .   a - +5 rapier "Catasim" {drain, +Rage Str+7 Int-3}
rCold    + . .     Gourm    .   s - +1 large shield
rNeg     + . .     Faith    .   B - +6 pearl dragon scales of Ylah {rElec rF+ rC- rN+ Dex+3}
rPois    +         Spirit   .   q - +2 hat {MR+}
rElec    +         Reflect  .   M - scarf {rC+ rF+}
rCorr    .         Harm     +   (gloves unavailable)
MR       ++...                  (boots unavailable)
Stlth    ..........             p - amulet of harm
HPRegen  0.42/turn              y - ring of poison resistance
MPRegen  0.18/turn              I - ring of protection from cold

@: mighty, finesse
A: large, unfitting armour, screaming 1, tough skin 1
a: Heroism, Finesse, Renounce Religion, Evoke Berserk Rage


You were on level 2 of the Depths.
You worshipped Okawaru.
Okawaru was exalted by your worship.
You were full.

You visited 3 branches of the dungeon, and saw 18 of its levels.
You also visited: Ice Cave.

You collected 1530 gold pieces.
You spent 363 gold pieces at shops.

Inventory:

Hand Weapons
 a - the +5 rapier "Catasim" (weapon) {drain, +Rage Str+7 Int-3}
   (You found it on level 11 of the Dungeon)

   A truly terrible weapon, it drains the life of those it strikes.
   It affects your strength (+7).
   It affects your intelligence (-3).
   It lets you go berserk.
 b - a +5 blowgun
Missiles
 i - 5 needles of sleeping
 o - 326 stones (quivered)
 r - 2 needles of paralysis
 t - an arrow
 E - a needle of confusion
 U - 34 poisoned needles
Armour
 q - a +2 hat of magic resistance (worn)
 s - a +1 large shield (worn)
 A - a scarf of repulsion
 B - the +6 pearl dragon scales of Ylah (worn) {rElec rF+ rC- rN+ Dex+3}
   (Okawaru gifted it to you in an ice cave)

   It affects your dexterity (+3).
   It protects you from fire.
   It makes you vulnerable to cold.
   It insulates you from electricity.
   It protects you from negative energy.
 M - a scarf of resistance (worn)
Jewellery
 e - an uncursed ring of flight
 k - an uncursed ring of magical power
 p - an amulet of harm (around neck)
 y - a ring of poison resistance (left hand)
 I - a ring of protection from cold (right hand)
 Q - an uncursed ring of resist corrosion
Wands
 l - a wand of digging (17)
Scrolls
 g - 10 scrolls of identify {!r}
 j - a scroll of fog {!r}
 n - 9 scrolls of remove curse {!r}
 w - a scroll of holy word {!r}
 z - a scroll of blinking {!r, unknown}
Potions
 c - 4 potions of curing {!q}
 u - 5 potions of brilliance {!q}
 C - a potion of flight {!q}
 H - 3 potions of magic {!q}
 O - 5 potions of haste {!q}
 Z - a potion of mutation {!q}
Miscellaneous
 L - 2 sacks of spiders
 V - a box of beasts
Comestibles
 f - 28 rations
 m - 7 chunks of flesh


   Skills:
 + Level 18.7 Fighting
   Level 2.0 Polearms
 * Level 19.9 Throwing
 + Level 6.0 Armour
 - Level 3.0 Dodging
 - Level 10.0 Shields
 - Level 9.0 Invocations


You had 16 spell levels left.
You didn't know any spells.
Your spell library contained the following spells:

 Spells                   Type           Power        Failure   Level  Hunger
 Magic Dart               Conj           #...         95%         1    ##.....
 Fireball                 Conj/Fire      #.........   100%        5    ######.
 Conjure Flame            Conj/Fire      #.......     100%        3    ####...
 Bolt of Cold             Conj/Ice       #.........   100%        6    #######
 Confuse                  Hex            #.......     100%        3    ####...
 Throw Flame              Conj/Fire      #.....       99%         2    ###....
 Throw Frost              Conj/Ice       #.....       99%         2    ###....
 Freezing Cloud           Conj/Ice/Air   #.........   100%        6    #######
 Bolt of Draining         Conj/Necr      #.........   100%        5    ######.
 Iskenderun's Mystic Bla  Conj           #.......     100%        4    #####..
 Ozocubu's Refrigeration  Ice            #.........   100%        6    #######
 Sticky Flame             Conj/Fire      #.......     100%        4    #####..
 Tukima's Dance           Hex            #.......     100%        3    ####...
 Ice Form                 Ice/Tmut       #.......     100%        4    #####..
 Throw Icicle             Conj/Ice       #.......     100%        4    #####..
 Flame Tongue             Conj/Fire      #....        95%         1    ##.....
 Ensorcelled Hibernation  Hex/Ice        #.....       99%         2    ###....
 Metabolic Englaciation   Hex/Ice        #.........   100%        5    ######.
 Corona                   Hex            #......      95%         1    ##.....
 Simulacrum               Ice/Necr       #.........   100%        6    #######
 Inner Flame              Hex/Fire       #.......     100%        3    ####...
 Fulminant Prism          Conj/Hex       #.........   100%        4    #####..
 Dazzling Spray           Conj/Hex       #.....       100%        3    ####...
 Force Lance              Conj/Tloc      #.......     100%        4    #####..
 Searing Ray              Conj           #.....       99%         2    ###....


Dungeon Overview and Level Annotations

Branches:
Dungeon (15/15)            Temple (1/1) D:5            Lair (0/6) D:9
    Orc (0/2) D:10         Vaults (0/5) D:14         Depths (2/5) D:15

Altars:
Ashenzari
Cheibriados
Dithmenos
Elyvilon
Fedhas
Gozag
Hepliaklqana
Kikubaaqudgha
Makhleb
Nemelex Xobeh
Okawaru
Qazlal
Ru
Sif Muna
Trog
Uskayaw
Vehumet
Wu Jian
Xom
Yredelemnul
Zin
The Shining One
Lugonu

Shops:
D:6 :%%*   D:8 }   Depths:1 *

Portals:
Hell: Depths:1


Innate Abilities, Weirdness & Mutations

You are too large for most types of armour.
You have tough skin. (AC +1)
You occasionally shout uncontrollably at your foes.


Message History

Aim: a juggernaut (moderately wounded)
You throw a stone. The stone hits the juggernaut.
The juggernaut is moderately wounded.
Unknown command.
You hit the juggernaut but do no damage.
The juggernaut is moderately wounded.
You block the juggernaut's attack. x2
You barely miss the juggernaut.
The juggernaut is moderately wounded.
You puncture the juggernaut!
The juggernaut is moderately wounded.
You hit the juggernaut but do no damage.
You drain the juggernaut!
The juggernaut is heavily wounded.
You hit the juggernaut but do no damage.
You drain the juggernaut!
The juggernaut is heavily wounded.
You hit the juggernaut but do no damage.
The juggernaut is heavily wounded.
You feel like a meek peon again.
You hit the juggernaut but do no damage.
The juggernaut is heavily wounded.
The juggernaut hits you!!!
The juggernaut hits you but does no damage.
You hit the juggernaut but do no damage.
The juggernaut is heavily wounded.
You barely miss the juggernaut.
The juggernaut is heavily wounded.
You barely miss the juggernaut.
The juggernaut is heavily wounded.
You hit the juggernaut but do no damage.
You drain the juggernaut!
The juggernaut is heavily wounded.
You puncture the juggernaut!
The juggernaut is heavily wounded.
The juggernaut hits you!!!
* * * LOW HITPOINT WARNING * * *
You block the juggernaut's attack.
You hit the juggernaut but do no damage.
You drain the juggernaut!
The juggernaut is heavily wounded.
You hit the juggernaut.
The juggernaut is severely wounded.
You hit the juggernaut.
The juggernaut is severely wounded.
You hit the juggernaut.
The juggernaut is severely wounded.
You block the juggernaut's attack. The juggernaut hits you!!
* * * LOW HITPOINT WARNING * * *
You puncture the juggernaut!
The juggernaut is severely wounded.
You barely miss the juggernaut.
The juggernaut is severely wounded.
You puncture the juggernaut!
The juggernaut is severely wounded.
Quiver which item? (- for none, * to show all) (? for menu, Esc to quit)
Okay, then.
Evoke which item? (* to show all) (? for menu, Esc to quit)
Okay, then.
Okay, then.
Really quaff
d - a potion of might {!q}?
You feel very mighty all of a sudden. The juggernaut hits you!!!
You die...

#...8...# #.#
#.......##(## #.#
#.......# ..# #[#
##.....####'### #.#
###.#'##.....# #.#
##.##..(..# #.#
#..(..(..####.#
#####).C..#..(.#
......#@...)#..#
####.###...###.#########
#..#.....#......†....
#.................)..
#......#..........†..
#....###....#########
#..#..#..#..# #
#.###...###.# ..#..#..#


You could see a juggernaut.

Vanquished Creatures
  2 juggernauts (Depths:2)
  A lich (Depths:2)
  Kirke (D:14)
  A tengu reaver (Depths:1)
  3 frost giants
  2 iron dragons (Depths:2)
  A very ugly thing (Depths:2)
  2 stone giants (Depths:2)
  A deep elf demonologist (Depths:2)
  3 spark wasps
  A yaktaur captain (D:15)
  3 ettins
  2 fire dragons (Depths:2)
  The ghost of Haxuso the Grappler, a journeyman TrWz of Ashenzari (D:12)
  2 ogre magi
  A vault guard (D:14)
  2 rakshasas
  6 ice dragons
  2 hydras
  A death knight (D:15)
  8 two-headed ogres
  4 tengu warriors
  3 centaur warriors
  3 deep troll earth magi (Depths:1)
  A vampire mage (Depths:2)
  3 deep troll shamans (Depths:1)
  Urug (D:13)
  A shock serpent (Depths:1)
  14 deep trolls
  4 skeletal warriors (D:15)
  A wizard (Depths:1)
  5 unseen horrors
  2 glowing orange brains (Depths:2)
  A golden dragon skeleton (Depths:1)
  2 orc knights (D:15)
  A mana viper (Depths:1)
  A deep elf mage (D:12)
  6 manticores
  4 necromancers
  21 ugly things
  A shadow dragon skeleton (Depths:1)
  2 oklob plants (D:14)
  2 cyclopes
  An orc sorcerer (D:15)
  An ice statue (IceCv)
  Maurice (D:9)
  A black mamba (Depths:1)
  2 rust devils
  A gargoyle (D:14)
  2 efreet
  A freezing wraith (D:7)
  12 yaktaurs
  4 tengu conjurers
  17 polar bears (IceCv)
  9 trolls
  A hornet (D:10)
  17 slime creatures
  2 hippogriffs
  4 vampires
  A fire dragon skeleton (Depths:1)
  35 yaks
  A spriggan (D:6)
  2 shadows
  2 wraiths
  4 hogs (D:14)
  22 humans (D:14)
  4 wyverns
  A golden eye (shapeshifter) (D:14)
  8 hungry ghosts
  A steam dragon (D:12)
  Menkaure (D:4)
  A basilisk (shapeshifter) (D:14)
  4 vampire mosquitoes (D:15)
  A naga (Depths:1)
  A soldier ant (shapeshifter) (Depths:1)
  A warg (D:15)
  2 acid dragons (D:15)
  A soldier ant (D:7)
  11 orc warriors
  2 ice beasts
  3 sky beasts
  3 black bears
  A necrophage (D:11)
  2 hornet zombies
  6 phantoms
  An eye of draining (D:13)
  6 boggarts
  5 ogres
  15 wolves (IceCv)
  14 centaurs
  5 bullfrogs
  2 wyvern skeletons
  A gnoll sergeant (D:5)
  A wyvern zombie (D:14)
  3 scorpions
  9 killer bees
  A troll zombie (D:10)
  2 electric eels (D:14)
  3 wights (D:12)
  5 howler monkeys
  4 centaur zombies
  4 crimson imps
  2 jellies
  A quasit (D:10)
  3 bullfrog zombies
  4 hounds
  7 orc priests
  2 centaur skeletons
  15 orc wizards
  9 worker ants
  Ijyb (D:3)
  6 iguanas
  A killer bee zombie (D:6)
  7 ogre zombies (D:10)
  A hound skeleton (D:8)
  2 howler monkey zombies
  5 gnolls
  12 adders
  A howler monkey skeleton (D:5)
  A shadow imp (D:14)
  12 white imps (D:15)
  2 oozes (D:4)
  3 worms
  6 leopard geckos
  36 orcs
  16 bats
  6 giant cockroaches
  3 goblins
  4 hobgoblins
  9 jackals
  8 quokkas
  A frilled lizard (D:3)
  4 goblin zombies (D:10)
  3 hobgoblin zombies (D:10)
  5 kobolds
  2 orc skeletons (D:10)
  16 orc zombies (D:10)
  2 quokka zombies
  5 rats
  A plant (D:14)
631 creatures vanquished.

Vanquished Creatures (others)
  25 plants (D:14)
25 creatures vanquished.

Grand Total: 656 creatures vanquished

Notes
Turn   | Place    | Note
-------+----------+-------------------------------------------
     0 | D:1      | Amnesiac the Ogre Fighter began the quest for the Orb.
     0 | D:1      | Reached XP level 1. HP: 24/24 MP: 1/1
   341 | D:1      | Reached skill level 1 in Throwing
   341 | D:1      | Reached XP level 2. HP: 32/32 MP: 2/2
  1004 | D:2      | Reached XP level 3. HP: 39/39 MP: 3/3
  1150 | D:2      | Reached skill level 2 in Throwing
  1900 | D:3      | Reached XP level 4. HP: 40/48 MP: 4/4
  1933 | D:3      | Reached skill level 3 in Throwing
  2329 | D:3      | Found an iron altar of Okawaru.
  2336 | D:3      | Became a worshipper of Warmaster Okawaru
  2667 | D:4      | Reached skill level 4 in Throwing
  2667 | D:4      | Reached XP level 5. HP: 54/54 MP: 5/5
  2670 | D:4      | Noticed Menkaure
  2885 | D:4      | Noticed Ijyb
  2910 | D:3      | Killed Ijyb
  2910 | D:3      | Reached skill level 1 in Invocations
  3106 | D:4      | Reached * piety under Okawaru
  3106 | D:4      | Reached XP level 6. HP: 41/62 MP: 7/7
  3322 | D:4      | Reached skill level 5 in Throwing
  3322 | D:4      | HP: 3/62 [poisoned by a worker ant]
  3324 | D:4      | HP: 1/62 [poisoned by a worker ant]
  3606 | D:4      | Killed Menkaure
  3624 | D:4      | Found a shadowy altar of Dithmenos.
  3637 | D:4      | Reached XP level 7. HP: 21/70 MP: 8/10
  3797 | D:5      | Entered Level 5 of the Dungeon
  3912 | D:5      | HP: 1/70 [phantom (8)]
  3917 | D:5      | Reached ** piety under Okawaru
  3917 | D:5      | Reached skill level 5 in Invocations
  4605 | D:5      | Found a staircase to the Ecumenical Temple.
  5100 | D:4      | Reached skill level 5 in Fighting
  5100 | D:4      | Reached skill level 6 in Throwing
  5100 | D:4      | Reached XP level 8. HP: 28/80 MP: 12/12
  5409 | D:5      | Found a burning altar of Makhleb.
  6272 | D:5      | Found a sacrificial altar of Ru.
  6349 | D:5      | Reached skill level 7 in Throwing
  6414 | D:5      | Reached *** piety under Okawaru
  7025 | Temple   | Entered the Ecumenical Temple
  7194 | D:6      | Found Hiuduuh's Assorted Antiques.
  7202 | D:6      | Bought a scroll labeled ATECWY MIACASCH for 26 gold pieces
  7202 | D:6      | Bought a sapphire potion for 23 gold pieces
  7202 | D:6      | Bought a grey potion for 23 gold pieces
  7202 | D:6      | Bought a scroll labeled GEATWI VEOSEGH for 26 gold pieces
  7202 | D:6      | Bought a small steel ring for 130 gold pieces
  7252 | D:6      | Found Menkywaech's Food Boutique.
  7276 | D:6      | Found Bidiv's Book Emporium.
  7431 | D:6      | Found Niog Xuwkot's Food Shoppe.
  8124 | D:6      | Found a hazy altar of Hepliaklqana.
  8255 | D:6      | Reached XP level 9. HP: 33/92 MP: 14/14
  8582 | D:7      | Reached skill level 8 in Throwing
  8598 | D:7      | Received a gift from Okawaru
  8979 | D:6      | Received a gift from Okawaru
  9219 | D:6      | Bought a runed robe for 96 gold pieces
  9734 | D:7      | Found a hazy altar of Hepliaklqana.
 10012 | D:7      | Noticed a freezing wraith
 10148 | D:7      | Found a sparkling altar of Nemelex Xobeh.
 10345 | D:7      | Killed a freezing wraith
 10345 | D:7      | Reached skill level 9 in Throwing
 10520 | D:6      | Noticed a rust devil
 10520 | D:6      | Noticed a rust devil
 10582 | D:6      | Killed a rust devil
 10748 | D:7      | Got a polished war axe {freeze}
 10749 | D:7      | Identified the +8 war axe of Ophi {freeze, *Rage rPois rC+++ MR+} (You took it off an orc warrior on level 7 of the Dungeon)
 10925 | D:7      | Killed a rust devil
 10925 | D:7      | Reached XP level 10. HP: 95/106 MP: 16/16
 10974 | D:6      | Reached **** piety under Okawaru
 10974 | D:6      | Reached skill level 10 in Throwing
 11075 | D:8      | Found a hide-covered altar of Uskayaw.
 11083 | D:8      | Noticed a dagger
 11083 | D:8      | Noticed a dagger
 11137 | D:8      | Noticed a two-headed ogre
 11139 | D:8      | Killed a two-headed ogre
 11139 | D:8      | Received a gift from Okawaru
 11163 | D:8      | Found Eqei's Gadget Boutique.
 11237 | D:8      | Found a radiant altar of Vehumet.
 11237 | D:8      | Found an ornate altar of the Wu Jian Council.
 11238 | D:8      | Found a glowing golden altar of the Shining One.
 11448 | D:8      | Found a white marble altar of Elyvilon.
 11469 | D:8      | Received a gift from Okawaru
 11507 | D:9      | Reached skill level 11 in Throwing
 11508 | D:9      | Reached skill level 10 in Fighting
 11588 | D:9      | Found a blossoming altar of Fedhas.
 11700 | D:9      | Noticed Maurice
 11715 | D:9      | Killed Maurice
 12078 | D:9      | Found a staircase to the Lair.
 12235 | D:3      | Found an iron altar of Okawaru.
 13700 | D:5      | Found a sacrificial altar of Ru.
 13812 | D:5      | Found a staircase to the Ecumenical Temple.
 13995 | D:5      | Found a burning altar of Makhleb.
 14170 | D:6      | Found Menkywaech's Food Boutique.
 14194 | D:6      | Found Bidiv's Book Emporium.
 14254 | D:6      | Found Niog Xuwkot's Food Shoppe.
 14426 | D:6      | Found Hiuduuh's Assorted Antiques.
 14522 | D:6      | Found a hazy altar of Hepliaklqana.
 14764 | D:7      | Found a deep blue altar of Sif Muna.
 14888 | D:10     | Entered Level 10 of the Dungeon
 14910 | D:10     | Received a gift from Okawaru
 14910 | D:10     | Reached XP level 11. HP: 119/119 MP: 17/17
 15086 | D:10     | Found a staircase to the Orcish Mines.
 15090 | D:10     | Reached skill level 12 in Throwing
 15463 | D:10     | Found a glowing golden altar of the Shining One.
 15958 | D:10     | Identified the Catalogue of Battle Magic
 16704 | D:12     | Noticed a cyclops
 16709 | D:12     | Killed a cyclops
 16709 | D:12     | Reached ***** piety under Okawaru
 16783 | D:12     | Noticed a white ugly thing
 16786 | D:12     | Killed a white ugly thing
 16797 | D:12     | Received a gift from Okawaru
 16800 | D:12     | Reached skill level 13 in Throwing
 16974 | D:12     | Received a gift from Okawaru
 17119 | D:12     | Noticed a deep elf mage
 17366 | D:12     | Received a gift from Okawaru
 17369 | D:12     | Killed a deep elf mage
 17369 | D:12     | Reached XP level 12. HP: 78/133 MP: 18/18
 17486 | D:12     | Found a large runed door.
 17488 | D:12     | Found a large runed door.
 17646 | D:11     | Reached skill level 14 in Throwing
 17828 | D:11     | Got a faintly glowing rapier
 19338 | D:12     | Noticed Haxuso's ghost (journeyman TrWz)
 19347 | D:12     | Killed Haxuso's ghost
 19347 | D:12     | Reached skill level 15 in Throwing
 19451 | D:13     | Identified the +5 rapier "Catasim" {drain, +Rage Str+7 Int-3} (You found it on level 11 of the Dungeon)
 19537 | D:13     | Noticed a centaur warrior
 19540 | D:13     | Killed a centaur warrior
 19551 | D:13     | Noticed a seven-headed hydra
 19551 | D:13     | Noticed a tengu warrior
 19558 | D:13     | Killed a seven-headed hydra
 19567 | D:13     | Killed a tengu warrior
 19757 | D:13     | Reached XP level 13. HP: 146/146 MP: 19/19
 19915 | D:13     | Found a basalt altar of Yredelemnul.
 19921 | D:13     | Received a gift from Okawaru
 20051 | D:13     | Noticed Urug
 20057 | D:13     | Killed Urug
 20196 | D:14     | Received a gift from Okawaru
 20229 | D:14     | Found a blossoming altar of Fedhas.
 20284 | D:14     | Found a shadowy altar of Dithmenos.
 20320 | D:14     | Reached skill level 16 in Throwing
 20349 | D:14     | Received a gift from Okawaru
 20349 | D:14     | Reached skill level 15 in Fighting
 20523 | D:14     | Noticed a vault guard
 20541 | D:14     | Killed a vault guard
 20547 | D:14     | Reached skill level 5 in Shields
 20603 | D:14     | Found a gate to the Vaults.
 20735 | D:14     | Reached ****** piety under Okawaru
 20800 | D:14     | Received a gift from Okawaru
 20970 | D:14     | Noticed Kirke
 20980 | D:14     | Killed Kirke
 21064 | D:14     | Reached XP level 14. HP: 159/159 MP: 20/20
 21429 | D:15     | Entered Level 15 of the Dungeon
 21429 | D:15     | Found a corrupted altar of Lugonu.
 21537 | D:15     | Reached skill level 10 in Shields
 21541 | D:15     | Found a frozen archway.
 21572 | IceCv    | Entered an ice cave
 21897 | IceCv    | Received a gift from Okawaru
 21901 | IceCv    | Got blackened pearl dragon scales {god gift}
 21925 | IceCv    | Identified the +6 pearl dragon scales of Ylah {rElec rF+ rC- rN+ Dex+3} (Okawaru gifted it to you in an ice cave)
 21984 | IceCv    | Noticed a frost giant
 21990 | IceCv    | Killed a frost giant
 22869 | D:15     | Reached skill level 17 in Throwing
 22871 | D:15     | Gained mutation: You occasionally shout uncontrollably at your foes. [a neqoxec]
 23099 | D:15     | Found a staircase to the Depths.
 23492 | Depths:1 | Entered Level 1 of the Depths
 23504 | Depths:1 | Reached XP level 15. HP: 170/170 MP: 21/21
 23532 | Depths:1 | Received a gift from Okawaru
 23604 | Depths:1 | Noticed a tengu reaver
 23616 | Depths:1 | Killed a tengu reaver
 23752 | Depths:1 | Reached skill level 18 in Throwing
 24228 | Depths:1 | Received a gift from Okawaru
 24233 | Depths:1 | Got a jewelled cloak {god gift}
 24248 | Depths:1 | Identified the +0 cloak "Radghutt" {rC- MR++} (Okawaru gifted it to you on level 1 of the Depths)
 24301 | Depths:1 | Reached skill level 1 in Armour
 25474 | Depths:1 | Found Xiuclosh's Serpentskin Sales.
 25499 | Depths:1 | Bought 3 poisoned tomahawks for 39 gold pieces
 25692 | Depths:1 | Noticed a frost giant
 25710 | Depths:1 | Killed a frost giant
 25715 | Depths:1 | Reached XP level 16. HP: 132/184 MP: 22/22
 26017 | Depths:1 | Found a gateway to Hell.
 26948 | Depths:2 | Identified a paperback manual
 26980 | Depths:2 | Reached skill level 19 in Throwing
 26993 | Depths:2 | Noticed a lich
 27004 | Depths:2 | Killed a lich
 27004 | Depths:2 | Received a gift from Okawaru
 27149 | Depths:2 | Received a gift from Okawaru
 27197 | Depths:2 | Noticed a juggernaut
 27208 | Depths:2 | Killed a juggernaut
 27225 | Depths:2 | Reached skill level 5 in Armour
 27271 | Depths:2 | Noticed a juggernaut
 27312 | Depths:2 | Killed a juggernaut
 27341 | Depths:2 | Noticed a quicksilver dragon
 27365 | Depths:2 | Noticed a shadow dragon
 27806 | Depths:2 | Received a gift from Okawaru
 27909 | Depths:2 | Received a gift from Okawaru
 27925 | Depths:2 | Reached XP level 17. HP: 149/196 MP: 18/23
 27948 | Depths:2 | Noticed a juggernaut
 27974 | Depths:2 | Slain by a juggernaut

Vault maps used:
D:1:      lightli_arrival_farm
D:2:      roderic_roman_lattice
D:3:      okawaru_trees_2
D:4:      lemuel_crystal_altar, minmay_misc_feat_columns, uniq_menkaure,
          uniq_ijyb
D:5:      nicolae_ru_sacrificial_ziggurat, minmay_temple_entry_large_hall,
          first_ration, makhleb_blood_cavern_becter
D:6:      cheibrodos_iron_armory, serial_shops, shop, shop_statue,
          nicolae_shop_behind_doors, shop_statue, basic_altar
D:7:      nicolae_overflow_hidden_temple, lemuel_coloured_pillars_altar,
          nemelex_altar_shiori, the_bakery, minmay_tree_intersection,
          minmay_three_doors
D:8:      dancing_weapons_uskayaw, grunt_temple_overflow_cloverleaf,
          serial_shops, shop
D:9:      lemuel_crystal_altar, lair_entry_dummy, uniq_maurice
D:10:     zombieorc2_lemuel, tso_metal_star
D:11:     lab_entry_generic, hangedman_batty
D:12:     minmay_isolated_rectangles_in_corner, ebering_ghost_disaster_area
D:13:     yredelemnul_altar_generic, uniq_urug
D:14:     grunt_vaults_entry_tiered, nicolae_dithmenos_the_darkroom,
          hangedman_tree_tricks, serial_bayou_lagoon_b, uniq_kirke
D:15:     grunt_enter_depths_snipers, portal_ice_cave_entry_imps,
          minmay_misc_feat_cross, tgw_lugonu_bribe
Temple:   jpeg_temple_alley_garden
Depths:1: pf_hell_entry_tar_spiral, patterned_corridor, guppyfry_shop_venom,
          grunt_megastairs_1
Depths:2: minmay_heptahexagon, serial_glass, glass_columns_a, glass_columns_a,
          feat_on_display, minmay_strange_pillars, hell_entry,
          nrook_mini_vaults, statue_in_the_mist_lemuel, uniq_jorgrun
IceCv:    ice_cave_caverns_02

Skill      XL: |  1  2  3  4  5  6  7  8  9 10 11 12 13 14 15 16 |
---------------+-------------------------------------------------+-----
Throwing       | 1 2 4 5 6 7 9 11 13 15 16 17 18 19 | 19.9
Shields        | 3 8 10 | 10.0
Dodging        | 3 |  3.0
Invocations    | 2 4 5 6 8 9 |  9.0
Fighting       | 5 6 8 10 12 14 15 16 17 18 | 18.7
Armour         | 3 6 |  6.0
Polearms       | |  2.0

Action                   |  1- 3 |  4- 6 |  7- 9 | 10-12 | 13-15 | 16-18 || total
-------------------------+-------+-------+-------+-------+-------+-------++-------
Melee: Trident           |   138 |    85 |       |       |       |       ||   223
       Dagger            |       |       |    25 |       |       |       ||    25
       Hunting sling     |       |       |       |     5 |       |       ||     5
       Rapier            |       |       |       |       |    34 |   123 ||   157
 Fire: Hunting sling     |       |    62 |   557 |   289 |       |       ||   908
       Blowgun           |       |       |       |       |     5 |       ||     5
Throw: Stone             |     2 |       |       |       |    53 |    46 ||   101
       Javelin           |       |       |    54 |   244 |   365 |    55 ||   718
       Large rock        |       |       |       |   128 |   210 |    44 ||   382
       Tomahawk          |       |       |       |    42 |   158 |    16 ||   216
Invok: Heroism           |       |       |     2 |     6 |     5 |     5 ||    18
       Finesse           |       |       |       |     2 |     5 |     5 ||    12
Evoke: Wand              |       |     5 |     3 |       |       |     1 ||     9
  Use: Potion            |       |     4 |     2 |     2 |       |     3 ||    11
       Scroll            |       |       |    12 |     5 |    16 |     5 ||    38
 Stab: Paralysed         |       |       |       |       |     8 |       ||     8
       Confused          |       |       |       |       |     1 |       ||     1
  Eat: Chunk             |     3 |     5 |    17 |    17 |    12 |     1 ||    55
       Ration            |       |       |     3 |     3 |     2 |     3 ||    11
Armor: Robe              |    37 |    25 |    56 |    55 |       |       ||   173
       Skin              |       |       |     1 |       |       |       ||     1
       Troll leather arm |       |       |       |    46 |    22 |       ||    68
       Pearl dragon scal |       |       |       |       |    44 |    36 ||    80
Dodge: Dodged            |    34 |    18 |    63 |    67 |    56 |    28 ||   266
Block: Shield            |    49 |       |       |       |       |       ||    49
       Large shield      |     6 |    96 |   304 |   359 |   244 |   101 ||  1110

Table legend:
 A = Spawn XP
 B = Non-spawn XP
 C = Spawn XP percentage of total XP
 D = Spawn monster count
 E = Non-spawn monster count
 F = Spawn count percentage of total count
 G = Total turns spent on level
                    A         B        C        D         E        F      G
               +---------+---------+-------+---------+---------+-------+---------
         Total |       0 |  182190 |   0.0 |       0 |     630 |   0.0 | 27974
               +---------+---------+-------+---------+---------+-------+---------
           D:1 |       0 |      15 |   0.0 |       0 |       7 |   0.0 |   809
           D:2 |       0 |      43 |   0.0 |       0 |      23 |   0.0 |  2123
           D:3 |       0 |     249 |   0.0 |       0 |      23 |   0.0 |  1601
           D:4 |       0 |     645 |   0.0 |       0 |      18 |   0.0 |  1613
           D:5 |       0 |    1039 |   0.0 |       0 |      29 |   0.0 |  2906
           D:6 |       0 |    1507 |   0.0 |       0 |      18 |   0.0 |  3007
           D:7 |       0 |    1876 |   0.0 |       0 |      23 |   0.0 |  1629
           D:8 |       0 |    2073 |   0.0 |       0 |      17 |   0.0 |   617
           D:9 |       0 |    1487 |   0.0 |       0 |      10 |   0.0 |   646
          D:10 |       0 |    3252 |   0.0 |       0 |      63 |   0.0 |  1527
          D:11 |       0 |    4897 |   0.0 |       0 |      31 |   0.0 |  1446
          D:12 |       0 |   10465 |   0.0 |       0 |      50 |   0.0 |  1646
          D:13 |       0 |    7953 |   0.0 |       0 |      27 |   0.0 |   993
          D:14 |       0 |   22075 |   0.0 |       0 |      66 |   0.0 |  1380
          D:15 |       0 |   15604 |   0.0 |       0 |      62 |   0.0 |  1543
      Depths:1 |       0 |   47895 |   0.0 |       0 |      71 |   0.0 |  2336
      Depths:2 |       0 |   48457 |   0.0 |       0 |      40 |   0.0 |  1026
         IceCv |       0 |   12658 |   0.0 |       0 |      52 |   0.0 |  1049
               +---------+---------+-------+---------+---------+-------+---------
